AoeStats
← CazadorGT

African Clearing

510632029Analyzed
4v4 RM · 11h ago on Oct 1, 2026· 13m 18s· 8 players
Game mode
Random Map
Map size
Large (8 player)
Population
200
Speed
Normal
Resources
Standard
Victory
Conquest
Starting age
Dark Age
Ending age
Imperial Age
RankedLock teamsTeams togetherTeam positionsShared explorationLock speedFull tech treeHidden civsTurbo modeCheats
Victory
Defeat
🇷🇴 Portuguese · Romania
1278
+13
🇹🇷 Saracens · Türkiye
1262
+14
🇨🇳 Mongols · China
1250
+14
🇬🇹 Huns · Guatemala
1136
+18
🇦🇷 Saracens · Argentina
1237
-16
🇹🇷 Malians · Türkiye
1216
-15
🇫🇷 Italians · France
1197
-14
🇵🇰 Spanish · Pakistan
1178
-14
Choucha Boy
3:27 Loom
13:45 Feudal Age
khamz
10:08 Loom
13:54 Feudal Age
Chayeli
2:52 Loom
13:18 Feudal Age
okHadi
6:54 Loom
Mustafa
3:21 Loom
6:07 Loom
13:11 Feudal Age
qomio229
CazadorGT
8:58 Loom
11:48 Feudal Age
13:54 Forging
余淮nb
10:40 Loom
14:41 Feudal Age
Connection lost

Rejoining the realm…

Still unreachable

The connection could not be restored.

Session expired

The server has moved on; the page needs a fresh start.